 Dungeon Crawl Stone Soup version 0.28-a0-909-g796cbd3a86 (webtiles) character file.

Game seed: 274501523633741743

84 gigimoi the Sneak (level 4, -2/27 HPs)
             Began as an Octopode Hedge Wizard on Nov 23, 2021.
             Slain by Terence (6 damage)
             ... on level 2 of the Dungeon on Nov 24, 2021.
             The game lasted 00:08:27 (3607 turns).

gigimoi the Sneak (Octopode Hedge Wizard)           Turns: 3607, Time: 00:08:27

Health: -2/27      AC:  1    Str:  6 (9)  XL:     4   Next: 45%
Magic:  1/8        EV: 13    Int: 14 (17) God:
Gold:   37         SH:  0    Dex: 10 (11) Spells: 4/9 levels left

rFire   . . .      SeeInvis .   a - +0 dagger
rCold   . . .      Faith    .   (no shield)
rNeg    . . .      Spirit   .   b - +0 hat
rPois   .          Reflect  .   (no amulet)
rElec   .          Harm     .   (no ring)
rCorr   .          Rampage  .   (no ring)
Will    .....                   (no ring)
Stlth   +++.......              (no ring)
HPRegen 0.09/turn               (no ring)
MPRegen 0.11/turn               (no ring)
                                (no ring)
                                (no ring)

@: flying, hasted, very quick
A: almost no armour, amphibious, 8 rings, camouflage 1, gelatinous body 1,
(nimble swimmer 1), tentacles
a: no special abilities


You were on level 2 of the Dungeon.
You visited 1 branch of the dungeon, and saw 3 of its levels.

You collected 37 gold pieces.

Inventory:

Hand Weapons
 a - a +0 dagger (weapon)
Missiles
 g - 22 stones (quivered)
Armour
 b - a +0 hat (worn)
Scrolls
 e - 2 scrolls of blinking {unknown}
 f - 2 scrolls of teleportation {unknown}
 h - a scroll of identify {unknown}
Potions
 c - a potion of flight
 i - a potion of haste


   Skills:
 * Level 0.5 Fighting
 + Level 2.3 Dodging
 * Level 3.9 Stealth
 + Level 3.2 Spellcasting
 + Level 2.0 Conjurations
 + Level 1.7 Summonings
 * Level 1.5 Translocations


You had 4 spell levels left.
You knew the following spells:

 Your Spells              Type           Power      Damage    Failure   Level
a - Magic Dart            Conj           32%        1d4       9%          1
b - Call Imp              Summ           7%         N/A       16%         2
c - Blink                 Tloc           12%        N/A       17%         2

Your spell library contained the following spells:

 Spells                   Type           Power      Damage    Failure   Level
 Slow                     Hex            8%         N/A       22%         1
 Gell's Gravitas          Tloc           6%         N/A       32%         3
 Lesser Beckoning         Tloc           6%         N/A       32%         3
 Teleport Other           Tloc           6%         N/A       32%         3
 Conjure Flame            Conj/Fire      5%         6-21      38%         3
 Mephitic Cloud           Conj/Pois/Air  4%         N/A       43%         3


Dungeon Overview and Level Annotations

Branches:
Dungeon (3/15)

Altars:

Annotations:
D:2 Terence


Innate Abilities, Weirdness & Mutations

You cannot wear most types of armour.
You are amphibious.
You can wear up to eight rings at the same time.
Your skin changes colour to match your surroundings (Stealth+).
Your rubbery body absorbs attacks. (AC +1, EV +1)
((You are camouflaged near water. (Stealth+)))
You have tentacles for arms and can constrict up to eight enemies at once.


Message History

Aim: Terence, wielding a +1 short sword of speed and wearing a +0 scale mail (lightly wounded, constricted by you, ally target, 100% to hit)
The magic dart hits Terence.
Terence is lightly wounded.
You constrict Terence, but do no damage.
Terence closely misses you.
Your crimson imp hits Terence.
Terence closely misses you.
Casting: Magic Dart (safe; 8% risk of failure)
Confirm with . or Enter, or press ? or * to list all spells.
Aiming: Magic Dart (safe; 8% risk of failure)
Press: ? - help, Shift-Dir - straight line, f/p - Terence
Aim: Terence, wielding a +1 short sword of speed and wearing a +0 scale mail (moderately wounded, constricted by you, ally target, 100% to hit)
The magic dart hits Terence.
Terence is moderately wounded.
You constrict Terence, but do no damage.
Your crimson imp hits Terence but does no damage.
Terence hits you with a +1 short sword of speed.
Terence closely misses you.
You swap places.
You release your grip on Terence.
Your crimson imp hits Terence.
Terence barely misses you.
You closely miss Terence. Your grab misses Terence.
Terence is moderately wounded.
Your crimson imp closely misses Terence.
Terence hits you with a +1 short sword of speed.
Your magical contamination has completely faded away.
It was a potion of flight.
You feel very buoyant.
You fly up into the air.
Your crimson imp barely misses Terence.
Terence hits you with a +1 short sword of speed!
* * * LOW HITPOINT WARNING * * *
Terence closely misses you.
It was a potion of degeneration.
There was something very wrong with that liquid.
You feel weakened.
You feel dopey.
You feel clumsy.
Your crimson imp closely misses Terence.
Terence misses you.
It was a potion of haste.
You feel yourself speed up.
Your crimson imp hits Terence but does no damage.
Terence barely misses you.
Terence hits you with a +1 short sword of speed.
You die...

........# #..........#.##.# #.
........######..........#.##.# #.
...............<........#....# #.
........##.).........[.)########.
......[.##.....................#.
........##...........>.#######.##
........##....#.......## #.#
....#.####....#.......# ##†##
....#.#########@@.....# #....
....#..÷.......5#.....# #..##
....###########.#####.#######..##
....# #.# #.......#..## ....# #.#
#######.#..## ....# #.# #.#####
....# #.# #.# # ##.## #.# #.# #
...# #.# #.# #


You could see Terence (ally target) and a friendly crimson imp (summoned).

Vanquished Creatures
  3 adders (D:2)
  2 worms (D:2)
  10 ball pythons
  3 endoplasms
  2 giant cockroaches (D:2)
  5 goblins
  2 hobgoblins
  8 jackals
  3 quokkas
  3 frilled lizards
  3 kobolds
  2 rats (D:1)
46 creatures vanquished.

Notes
Turn   | Place    | Note
-------+----------+-------------------------------------------
     0 | D:1      | gigimoi the Octopode Hedge Wizard began the quest for the
                  | Orb.
     0 | D:1      | Reached XP level 1. HP: 11/11 MP: 4/4
     0 | D:1      | Upgraded the game from 0.28-a0-906-g0406aca7d3 to
                  | 0.28-a0-909-g796cbd3a86
   192 | D:1      | Found a faded altar of an unknown god.
   378 | D:1      | Reached XP level 2. HP: 15/17 MP: 0/6
   988 | D:1      | Reached XP level 3. HP: 21/21 MP: 5/7
  1655 | D:2      | Learned a level 2 spell: Call Imp
  1658 | D:2      | Learned a level 2 spell: Blink
  2125 | D:2      | Reached XP level 4. HP: 22/27 MP: 1/8
  3072 | D:2      | Noticed Terence
  3607 | D:2      | Slain by Terence

Illustrated notes

Levels and vault maps discovered:
D:1:      erik_arrival_triangle_huge, layout_basic,
          hellmonk_ecumenical_altar_blasted, due_unseen_surprise
D:2:      layout_basic, kennysheep_generic_room_4, uniq_terence
D:3:      layout_basic, serial_shops, shop, chequers_serial_rivers_large_a,
          grunt_ministairs_13, kennysheep_path_1, kennysheep_generic_room_11

Skill      XL: |  1  2  3  4 |
---------------+-------------+-----
Stealth        | 3 |  3.9
Conjurations   | 2 |  2.0
Fighting       | |  0.5
Dodging        | |  2.3
Spellcasting   | |  3.2
Summonings     | |  1.7
Translocations | |  1.5

Action                   |  1- 3 |  4- 6 || total
-------------------------+-------+-------++-------
Melee: Dagger            |    18 |    14 ||    32
       Constrict         |     5 |     5 ||    10
Throw: Stone             |       |     8 ||     8
 Cast: Magic Dart        |    87 |    48 ||   135
       Call Imp          |       |     2 ||     2
  Use: Potion            |       |     3 ||     3
Armor: Skin              |     3 |       ||     3
Dodge: Dodged            |    15 |    15 ||    30

Table legend: (Time is in decaauts)
 A = Elapsed time spent in this place.
 B = Non-inter-level travel time spent in this place.
 C = Inter-level travel time spent in this place.
 D = Time resting spent in this place.
 E = Time spent auto-exploring this place.
 F = Levels seen in this place.
 G = Mean time per level.
                   A        B        C        D        E       F      G
               +--------+--------+--------+--------+--------+-----+--------+
         Total |   3606 |   3533 |     73 |   1572 |   1550 |   3 | 1202.0 |
       Dungeon |   3606 |   3533 |     73 |   1572 |   1550 |   3 | 1202.0 |
               +--------+--------+--------+--------+--------+-----+--------+

Top non-repeatable levels by time:
     D:2: 2512 daAuts
     D:1: 1092 daAuts
     D:3: 1 daAuts
